 Dungeon Crawl Stone Soup version 0.29-a0-214-g17f627cfee (webtiles) character file.

Game seed: 14661403620104277818

647 Hasart the Bolt Thrower (level 7, -4/59 HPs)
             Began as a Demigod Hunter on Feb 24, 2022.
             Slain by a centaur warrior zombie (7 damage)
             ... on level 5 of the Dungeon.
             The game lasted 00:16:48 (4229 turns).

Hasart the Bolt Thrower (Demigod Hunter)            Turns: 4229, Time: 00:16:49

Health: -4/59      AC:  3    Str: 13    XL:     7   Next: 6%
Magic:  9/9        EV: 14    Int: 13    God:
Gold:   206        SH:  0    Dex: 22    Spells: 6/6 levels left

rFire   . . .      SeeInvis .   a - +1 hand crossbow
rCold   . . .      Faith    .   (no shield)
rNeg    . . .      Spirit   .   b - +0 leather armour
rPois   .          Reflect  .   (no helmet)
rElec   .          Harm     .   (no cloak)
rCorr   .          Rampage  .   (no gloves)
Will    .....                   (no boots)
Stlth   +++.......              (no amulet)
HPRegen 0.19/turn               (no ring)
MPRegen 0.11/turn               (no ring)

@: no status effects
A: high MP 1, forlorn, divine attributes
a: no special abilities


You were on level 5 of the Dungeon.
You visited 1 branch of the dungeon, and saw 5 of its levels.

You collected 206 gold pieces.

Inventory:

Hand Weapons
 a - a +1 hand crossbow (weapon)
Missiles
 o - a throwing net
Armour
 b - a +0 leather armour (worn)
Wands
 n - a wand of flame (22)
Scrolls
 e - 4 scrolls of identify {unknown}
 g - 2 scrolls of fog {unknown}
 k - a scroll of holy word {unknown}
 q - a scroll of immolation {unknown}
Potions
 c - 2 potions of brilliance {unknown}
 d - 3 potions of mutation {unknown}
 f - 2 potions of berserk rage {unknown}
 h - a potion of degeneration {unknown}
 i - 3 potions of curing {unknown}
 j - 3 potions of might {unknown}
 l - 2 potions of cancellation {unknown}
 m - 3 potions of heal wounds
 p - a potion of lignification {unknown}


   Skills:
 + Level 4.0 Fighting
 * Level 5.1 Crossbows
 + Level 4.0 Dodging
 + Level 3.9 Stealth


You had 6 spell levels left.
You didn't know any spells.
Your spell library contained the following spells:

 Spells                   Type           Power      Damage    Failure   Level
 Animate Skeleton         Necr           0%         N/A       36%         1
 Pain                     Necr           0%         1d4       36%         1
 Slow                     Hex            0%         N/A       36%         1
 Confusing Touch          Hex            0%         N/A       75%         3
 Vampiric Draining        Necr           0%         2d6       75%         3


Dungeon Overview and Level Annotations

Branches:
Dungeon (5/15)             Temple (0/1) D:4

Shops:
D:2 (

Annotations:
D:4 Sigmund


Innate Abilities, Weirdness & Mutations

You have an increased reservoir of magic. (+10% MP)
You shall have no god before yourself.
Your divine heritage dramatically boosts your attributes as you level up.


Message History

You shoot a bolt.
The bolt hits the centaur warrior zombie!
The centaur warrior zombie is lightly damaged.
The centaur warrior zombie hits you but does no damage.
The centaur warrior zombie kicks you but does no damage.
You shoot a bolt.
The bolt hits the centaur warrior zombie.
The centaur warrior zombie is lightly damaged.
The centaur warrior zombie hits you! The centaur warrior zombie kicks you.
The centaur warrior zombie hits you!
The centaur warrior zombie kicks you but does no damage.
You shoot a bolt.
The bolt hits the centaur warrior zombie!
The centaur warrior zombie is moderately damaged.
The centaur warrior zombie hits you. The centaur warrior zombie kicks you.
The centaur warrior zombie hits you! The centaur warrior zombie misses you.
You are too injured to fight recklessly!
You are too injured to fight recklessly!
You are too injured to fight recklessly!
Shoot: a) +1 hand crossbow
Press: ? - help, Q - select action, (/) - cycle Shift-Dir - straight line, f/p - centaur warrior zombie
Aim: a centaur warrior zombie (moderately damaged, 89% to hit)
You shoot a bolt.
The bolt hits the centaur warrior zombie.
The centaur warrior zombie is moderately damaged.
The centaur warrior zombie hits you!
* * * LOW HITPOINT WARNING * * *
The centaur warrior zombie kicks you but does no damage.
The centaur warrior zombie hits you!
* * * LOW HITPOINT WARNING * * *
The centaur warrior zombie kicks you.
* * * LOW HITPOINT WARNING * * *
Shoot: a) +1 hand crossbow
Press: ? - help, Q - select action, (/) - cycle Shift-Dir - straight line, f/p - centaur warrior zombie
Aim: a centaur warrior zombie (moderately damaged, 89% to hit)
You shoot a bolt.
The bolt hits the centaur warrior zombie!
The centaur warrior zombie is moderately damaged.
The centaur warrior zombie hits you!
You die...

######..#
##+## #.@Z..#
#...###.###.#
#........#
#..<###..#
#...# #.....
.......
#.###.#
####...###.#
# ##.## #..
#. ###


You could see a centaur warrior zombie.

Vanquished Creatures
  A water moccasin (D:3)
  An ogre (D:4)
  A scorpion (D:4)
  A howler monkey (D:4)
  A hound (D:4)
  A bullfrog skeleton (D:3)
  2 orc priests (D:4)
  An iguana (D:4)
  3 orc wizards
  5 adders
  An adder skeleton (D:4)
  2 worms (D:2)
  3 dart slugs
  8 orcs
  9 ball pythons
  5 bats
  4 endoplasms
  6 giant cockroaches
  5 goblins
  4 hobgoblins
  4 jackals (D:4)
  5 quokkas
  5 frilled lizards
  A jackal skeleton (D:4)
  5 kobolds
  7 rats
91 creatures vanquished.

Notes
Turn   | Place    | Note
-------+----------+-------------------------------------------
     0 | D:1      | Hasart the Demigod Hunter began the quest for the Orb.
     0 | D:1      | Reached XP level 1. HP: 17/17 MP: 3/3
    29 | D:1      | Reached skill level 1 in Stealth
   366 | D:1      | Reached XP level 2. HP: 24/24 MP: 4/4
   867 | D:2      | Reached XP level 3. HP: 29/29 MP: 5/5
  1145 | D:2      | Reached skill level 4 in Crossbows
  1236 | D:2      | Found Limoph's Antique Weapon Shoppe.
  1690 | D:3      | Reached XP level 4. HP: 25/37 MP: 6/6
  1995 | D:3      | Noticed a water moccasin
  2000 | D:3      | Killed a water moccasin
  2001 | D:3      | Reached XP level 5. HP: 12/45 MP: 7/7
  2749 | D:4      | Reached XP level 6. HP: 38/51 MP: 8/8
  2913 | D:4      | Noticed Sigmund
  3835 | D:4      | Reached skill level 5 in Crossbows
  3922 | D:4      | Reached XP level 7. HP: 11/58 MP: 9/9
  4118 | D:4      | Found a staircase to the Ecumenical Temple.
  4211 | D:5      | Entered Level 5 of the Dungeon
  4229 | D:5      | Slain by a centaur warrior zombie

Illustrated notes

Levels and vault maps discovered:
D:1:      ebering_hopf_link, layout_basic, shapermc_ecumenical_altar_hornbeckon
D:2:      layout_loops_ring, serial_shops, shop
D:3:      layout_loops_ring, nicolae_overflow_crystal_walls, st_stairs_13
D:4:      layout_basic, minmay_temple_entry_glassed_door, uniq_sigmund
D:5:      layout_loops_corners, serial_shops, nicolae_shop_stone,
          minmay_manual_maat

Skill      XL: |  1  2  3  4  5  6  7 |
---------------+----------------------+-----
Stealth        | 1 2 3 |  3.9
Fighting       | 2 3 4 |  4.0
Dodging        | 2 3 4 |  4.0
Crossbows      | 4 5 |  5.1

Action                   |  1- 3 |  4- 6 |  7- 9 || total
-------------------------+-------+-------+-------++-------
 Fire: Hand crossbow     |   101 |   130 |    23 ||   254
  Use: Potion            |       |       |     1 ||     1
Armor: Leather armour    |     9 |     9 |     6 ||    24
Dodge: Dodged            |    12 |    46 |     3 ||    61

Table legend: (Time is in decaauts)
 A = Elapsed time spent in this place.
 B = Non-inter-level travel time spent in this place.
 C = Inter-level travel time spent in this place.
 D = Time resting spent in this place.
 E = Time spent auto-exploring this place.
 F = Levels seen in this place.
 G = Mean time per level.
                   A        B        C        D        E       F      G
               +--------+--------+--------+--------+--------+-----+--------+
         Total |   4318 |   4245 |     73 |    391 |   3166 |   5 |  863.6 |
       Dungeon |   4318 |   4245 |     73 |    391 |   3166 |   5 |  863.6 |
               +--------+--------+--------+--------+--------+-----+--------+

Top non-repeatable levels by time:
     D:3: 1343 daAuts
     D:4: 1306 daAuts
     D:2: 872 daAuts
     D:1: 777 daAuts
     D:5: 19 daAuts
